 Dungeon Crawl Stone Soup version 0.21.1-1-g345015f (webtiles) character file.

139 letownia2 the Conjurer (level 5, 34/35 HPs)
             Began as a Demonspawn Wizard on Feb 10, 2018.
             Quit the game on level 4 of the Dungeon.
             The game lasted 00:04:14 (1955 turns).

letownia2 the Conjurer (Demonspawn Wizard)          Turns: 1955, Time: 00:04:15

Health: 34/35      AC:  4    Str:  8    XL:     5   Next: 1%
Magic:  5/9        EV: 12    Int: 20    God:
Gold:   33         SH:  0    Dex: 11    Spells: 1/10 levels left

rFire    . . .     SeeInvis .   g - +0 short sword
rCold    . . .     Gourm    .   (no shield)
rNeg     . . .     Faith    +   a - +0 robe
rPois    .         Spirit   .   b - +0 hat
rElec    .         Reflect  .   m - scarf {cloud immunity}
rCorr    .         Harm     .   (no gloves)
MR       +....                  (no boots)
Stlth    ++++......             u - amulet of faith (curse)
HPRegen  0.11/turn              s - ring of protection from magic
MPRegen  0.11/turn              (no ring)

@: very slightly contaminated
A: horns 1, thin metallic scales 1, nightstalker 2
a: no special abilities


You were on level 4 of the Dungeon.
You were not hungry.

You visited 1 branch of the dungeon, and saw 4 of its levels.

You collected 33 gold pieces.

Inventory:

Hand Weapons
 g - a +0 short sword (weapon)
Armour
 a - a +0 robe (worn)
 b - a +0 hat (worn)
 m - a scarf of cloud immunity (worn)
 n - a +0 ring mail
Jewellery
 s - a ring of protection from magic (left hand)
 u - a cursed amulet of faith (around neck)
Scrolls
 e - 4 scrolls of enchant armour {unknown}
 f - 2 scrolls of enchant weapon {unknown}
 h - a scroll of blinking {unknown}
 i - 2 scrolls of remove curse {unknown}
 j - a scroll of random uselessness {unknown}
 p - a scroll of identify {unknown}
 r - a scroll of fear {unknown}
Potions
 k - 2 potions of haste {unknown}
 l - 2 potions of lignification {unknown}
 o - a potion of heal wounds {unknown}
 q - a potion of curing {unknown}
Books
 c - a book of Minor Magic

   Spells                             Type                      Level
   a - Magic Dart                     Conjuration                  1
   b - Blink                          Translocation                2
   c - Call Imp                       Summoning                    2
   d - Slow                           Hexes                        2
   e - Conjure Flame                  Conjuration/Fire             3
   f - Mephitic Cloud                 Conjuration/Poison/Air       3
Comestibles
 d - 4 rations


   Skills:
 - Level 1.7 Dodging
 - Level 1.7 Stealth
 - Level 3.0 Spellcasting
 + Level 3.8 Conjurations
   Level 1.0 Summonings
 + Level 0.8 Translocations
 + Level 1.2 Fire Magic
 + Level 1.2 Air Magic
 + Level 1.3 Poison Magic


You had one spell level left.
You knew the following spells:

 Your Spells              Type           Power        Failure   Level  Hunger
a - Magic Dart            Conj           ###.         3%          1    None
b - Blink                 Tloc           N/A          16%         2    ##.....
c - Conjure Flame         Conj/Fire      ##......     16%         3    ###....
e - Mephitic Cloud        Conj/Pois/Air  ##......     17%         3    ###....


Dungeon Overview and Level Annotations

Branches:
Dungeon (4/15)
 Temple: D:4-7

Altars:
Hepliaklqana
Trog
Vehumet
Yredelemnul

Annotations:
D:3 1 runed door
D:4 exclusion: phantom


Innate Abilities, Weirdness & Mutations

You have a pair of small horns on your head.
You are partially covered in thin metallic scales. (AC +2)
You are significantly more attuned to the shadows.


Message History

Aim: an adder skeleton (severely damaged)
You miscast Magic Dart.
You are very lightly contaminated with residual magic.
Nothing appears to happen.
You hit the adder skeleton.
The adder skeleton is severely damaged.
The adder skeleton barely misses you. The adder skeleton bites you.
You closely miss the adder skeleton.
The adder skeleton is severely damaged.
The adder skeleton barely misses you.
You hit the adder skeleton.
The adder skeleton is severely damaged.
The adder skeleton bites you.
You hit the adder skeleton.
You destroy the adder skeleton!
You have reached level 5!
Your demonic ancestry asserts itself...
A pair of horns grows on your head!
No target in view!
No target in view!
Are you sure you want to abandon this character and quit the game? (Confirm with "yes".)

. .. ##.#. #..#.
## .<...#.
......##########
#...@.........#
.....#########.#
..... #.# ##..#
#.# #.. #.# ...
#.# #.# #.# #.#


There were no monsters in sight!

Vanquished Creatures
  A bullfrog (D:4)
  4 adders
  An adder skeleton (D:4)
  A worm (D:2)
  2 leopard geckos (D:2)
  A ball python (D:2)
  4 giant cockroaches
  10 goblins
  3 hobgoblins
  2 bats
  5 kobolds
  A leopard gecko skeleton (D:3)
  6 rats
41 creatures vanquished.

Notes
Turn   | Place    | Note
-------+----------+-------------------------------------------
     0 | D:1      | letownia2 the Demonspawn Wizard began the quest for the Orb.
     0 | D:1      | Reached XP level 1. HP: 13/13 MP: 4/4
   347 | D:1      | Gained mutation: You are slightly more attuned to the shadows. [demonic ancestry]
   347 | D:1      | Reached XP level 2. HP: 19/19 MP: 0/6
   731 | D:2      | Found a bloodstained altar of Trog.
   731 | D:2      | Found a radiant altar of Vehumet.
   733 | D:2      | Found a basalt altar of Yredelemnul.
   795 | D:2      | Gained mutation: You are significantly more attuned to the shadows. [demonic ancestry]
   795 | D:2      | Reached XP level 3. HP: 21/24 MP: 0/7
   800 | D:2      | Learned a level 3 spell: Mephitic Cloud
   804 | D:2      | Learned a level 3 spell: Conjure Flame
  1539 | D:3      | Found a runed door.
  1636 | D:4      | Gained mutation: You are partially covered in thin metallic scales. (AC +2) [demonic ancestry]
  1636 | D:4      | Reached XP level 4. HP: 30/30 MP: 4/8
  1678 | D:4      | Noticed a bullfrog
  1710 | D:4      | Killed a bullfrog
  1710 | D:4      | Reached skill level 1 in Fire Magic
  1710 | D:4      | Reached skill level 1 in Air Magic
  1710 | D:4      | Reached skill level 1 in Poison Magic
  1784 | D:4      | Learned a level 2 spell: Blink
  1890 | D:4      | Noticed a phantom
  1913 | D:4      | Found a hazy altar of Hepliaklqana.
  1953 | D:4      | Gained mutation: You have a pair of small horns on your head. [demonic ancestry]
  1953 | D:4      | Reached XP level 5. HP: 33/35 MP: 5/9
  1955 | D:4      | Quit the game

Skill      XL: |  1  2  3  4 |
---------------+-------------+-----
Conjurations   | 2 3 |  3.8
Fire Magic     | 1 |  1.2
Air Magic      | 1 |  1.2
Poison Magic   | 1 |  1.3
Dodging        | |  1.7
Stealth        | |  1.7
Spellcasting   | |  3.0
Summonings     | |  1.0
Translocations | |  0.8

Action                   |  1- 3 |  4- 6 || total
-------------------------+-------+-------++-------
Melee: Short sword       |     5 |    12 ||    17
 Cast: Magic Dart        |    90 |     8 ||    98
       Mephitic Cloud    |       |     2 ||     2
  Eat: Chunk             |     2 |     1 ||     3
Armor: Robe              |     1 |     1 ||     2
Dodge: Dodged            |    23 |    11 ||    34
